 Dungeon Crawl Stone Soup version 0.31.0-9-g3a7656b989 (webtiles) character file.

Game seed: 7448828766512492516

913 Zeor the Carver (level 8, 0/60 HPs)
             Began as a Merfolk Gladiator on Jan 24, 2024.
             Was an Initiate of Wu Jian.
             Shot with an arrow by a centaur (4 damage)
             ... on level 6 of the Dungeon on Jan 25, 2024.
             The game lasted 00:15:54 (4209 turns).

Zeor the Carver (Merfolk Gladiator)                 Turns: 4209, Time: 00:15:55

Health: 0/60       AC:  8    Str: 15    XL:     8   Next: 9%
Magic:  8/8        EV: 14    Int:  9    God:    Wu Jian [......]
Gold:   271        SH:  0    Dex: 15    Spells: 6/7 levels left

rFire   . . .        a - +1 long sword
rCold   + . .        (no shield)
rNeg    . . .        r - +0 leather armour
rPois   .            c - +0 helmet
rElec   .            m - +2 cloak
rCorr   .            q - +0 pair of gloves
SInv    .            (no boots)
Will    .....        (no amulet)
Stlth   ++           j - ring of protection from cold
HPRegen 0.30/turn    (no ring)
MPRegen 0.11/turn

%: no passive effects
@: no status effects
A: (nimble swimmer 2), mertail
a: Renounce Religion


You were on level 6 of the Dungeon.
You worshipped Wu Jian.
Wu Jian was noncommittal.
You visited 2 branches of the dungeon, and saw 7 of its levels.

You collected 271 gold pieces.

Inventory:

Hand Weapons
 a - a +1 long sword (weapon)
 b - the +4 arbalest of Hudeaf {heavy, Str+3 Dex+2}
   (You found it on level 5 of the Dungeon)

   Str+3:     It affects your strength (+3).
   Dex+2:     It affects your dexterity (+2).
 f - a +3 dagger
 n - a +1 falchion of flaming
 p - a +0 long sword
Missiles
 d - 3 throwing nets (quivered)
 e - 6 javelins
Armour
 c - a +0 helmet (worn)
 m - a +2 cloak (worn)
 o - a +2 robe of fire resistance
 q - a +0 pair of gloves (worn)
 r - a +0 leather armour (worn)
Jewellery
 j - a ring of protection from cold (left hand)
Scrolls
 k - 2 scrolls of amnesia
 s - a scroll of enchant armour
 t - a scroll of identify
Potions
 g - a potion of mutation
 h - a potion of magic
 i - a potion of cancellation
 l - a potion of attraction


   Skills:
 * Level 4.2 Fighting
 * Level 9.2 Long Blades
 + Level 2.1 Throwing
 + Level 1.7 Armour
 + Level 5.6 Dodging
 + Level 1.3 Stealth


You had 6 spell levels left.
You knew the following spells:

 Your Spells              Type           Power      Damage    Failure   Level
a - Apportation           Tloc           0%         N/A       45%         1

Your spell library contained the following spells:

 Spells                   Type           Power      Damage    Failure   Level
 Blink                    Tloc           0%         N/A       58%         2
 Jinxbite                 Hex            0%         N/A       58%         2
 Lesser Beckoning         Tloc           0%         N/A       58%         2
 Momentum Strike          Conj/Tloc      0%         3d8       58%         2
 Alistair's Intoxication  Alch           0%         N/A       100%        5


Dungeon Overview and Level Annotations

Branches:
Dungeon (6/15)             Temple (1/1) D:4

Altars:
Cheibriados
Dithmenos
Elyvilon
Fedhas
Gozag
Hepliaklqana
Kikubaaqudgha
Nemelex Xobeh
Qazlal
Ru
Trog
Uskayaw
Vehumet
Wu Jian
Xom
Yredelemnul
Zin
The Shining One

Shops:
D:4 =:   D:6 [


Innate Abilities, Weirdness & Mutations

((You are very nimble when in or above water. (Stealth+, EV+, Speed+++)))
Your lower body shifts to a powerful aquatic tail in water.


Message History

The puff of frost hits you. You resist.
The centaur shoots an arrow.
The arrow hits you.
The centaur shoots an arrow.
The arrow hits you.
The centaur shoots an arrow.
The arrow hits you.
The centaur shoots an arrow.
The arrow barely misses you.
An adder comes into view.
Okay, then.
The centaur shoots an arrow.
The arrow closely misses you.
You barely miss the white imp.
The white imp hits you but does no damage.
The centaur shoots an arrow.
The arrow hits you.
You hear an angry hiss.
You hit the white imp but do no damage.
You hear a shout!
The centaur shoots an arrow.
The arrow hits you.
* * * LOW HITPOINT WARNING * * *
The white imp gestures at you.
The puff of frost hits you but does no damage.
Okay, then.
Okay, then.
Enter note: well fuck me The white imp gestures at you.
The puff of frost hits you. You resist.
* * * LOW HITPOINT WARNING * * *
You slash the white imp!
You kill the white imp!
The Council accepts your kill.
The centaur shoots an arrow.
The arrow hits you.
* * * LOW HITPOINT WARNING * * *
The gnoll barely misses you.
The centaur shoots an arrow.
The arrow hits you.
* * * LOW HITPOINT WARNING * * *
You lunge at the gnoll.
You slash the gnoll!
The gnoll is almost dead.
The gnoll hits you with a +0 halberd.
* * * LOW HITPOINT WARNING * * *
Unknown command.
You closely miss the gnoll.
The gnoll is almost dead.
The centaur shoots an arrow.
The arrow hits you.
You die... ∙∙∙∙

∙∙∙∙▒▒▒▒▒▒▒
∙∙∙∙∙S∙c∙∙▒
∙∙∙∙∙∙∙▒▒m▒
∙$∙ ∙∙∙▒∙∙∙
▒g▒


∙∙∙∙ ∙ ∙▒▒▒∙∙c▒▒g▒▒∙∙∙∙∙ ∙ ∙∙∙∙∙∙g∙∙∙∙∙∙∙∙∙∙ ∙ ∙∙∙∙∙∙∙∙∙∙∙∙∙∙∙∙∙ ∙∙∙∙
▒∙∙∙∙∙∙∙∙∙∙▒∙∙∙∙∙∙ ∙∙∙∙ ▒▒▒▒▒∙∙∙∙∙∙∙∙▒∙∙∙∙∙∙∙∙ ∙∙∙∙ ∙∙∙∙∙∙▒∙▒▒▒∙▒∙∙∙∙∙∙∙∙▒▒ ∙∙∙∙
∙∙∙∙∙∙∙∙▒▒▒■▒▒∙∙∙∙∙∙∙▒▒∙∙∙∙∙∙∙∙∙ You could see a centaur, 2 gnolls and an adder.

Vanquished Creatures
  Menkaure (D:4)
  A black bear (D:5)
  An ogre (D:6)
  A phantom (D:6)
  A scorpion (D:5)
  2 hounds (D:5)
  A bombardier beetle (D:5)
  A jelly (D:5)
  An orc priest (D:4)
  2 iguanas
  An orc wizard (D:4)
  6 gnolls
  8 adders
  A white imp (D:6)
  2 ufetubi (D:3)
  4 dart slugs
  2 ribbon worms (D:3)
  15 orcs
  4 ball pythons
  6 bats
  8 endoplasms
  5 goblins
  6 hobgoblins
  5 jackals
  4 kobolds
  3 quokkas
  3 frilled lizards
  5 rats
100 creatures vanquished.

Notes
Turn   | Place    | Note
-------+----------+-------------------------------------------
     0 | D:1      | Zeor the Merfolk Gladiator began the quest for the Orb.
     0 | D:1      | Reached XP level 1. HP: 16/16 MP: 1/1
    70 | D:1      | Found a faded altar of an unknown god.
   180 | D:1      | Reached XP level 2. HP: 22/22 MP: 2/2
   295 | D:1      | Reached skill level 4 in Long Blades
   313 | D:1      | Learned a level 1 spell: Apportation
   630 | D:1      | Reached XP level 3. HP: 25/28 MP: 3/3
  1017 | D:2      | Reached skill level 5 in Long Blades
  1560 | D:3      | Reached XP level 4. HP: 24/34 MP: 4/4
  1680 | D:3      | Found a radiant altar of Vehumet.
  1973 | D:3      | Reached XP level 5. HP: 39/39 MP: 5/5
  2155 | D:3      | Reached skill level 6 in Long Blades
  2208 | D:3      | Found a glowing golden altar of the Shining One.
  2208 | D:3      | Found a bloodstained altar of Trog.
  2492 | D:4      | Found Jirofruq's Book Shoppe.
  2534 | D:4      | Found a staircase to the Ecumenical Temple.
  2601 | Temple   | Entered the Ecumenical Temple
  2610 | Temple   | Became a worshipper of the Wu Jian Council
  2632 | D:4      | Noticed Menkaure
  2640 | D:4      | Killed Menkaure
  2641 | D:4      | Reached skill level 7 in Long Blades
  2641 | D:4      | Reached skill level 1 in Armour
  2641 | D:4      | Reached skill level 5 in Dodging
  2641 | D:4      | Reached XP level 6. HP: 20/47 MP: 6/6
  2742 | D:4      | Found Omolepliguo's Jewellery Shoppe.
  3053 | D:5      | Entered Level 5 of the Dungeon
  3176 | D:5      | Reached XP level 7. HP: 52/52 MP: 7/7
  3398 | D:5      | Identified the +4 arbalest of Hudeaf {heavy, Str+3 Dex+2}
  3456 | D:5      | Reached skill level 8 in Long Blades
  3528 | D:5      | Reached skill level 1 in Stealth
  4117 | D:6      | Found Moyx Fuc's Armour Boutique.
  4159 | D:6      | Reached skill level 9 in Long Blades
  4159 | D:6      | Reached XP level 8. HP: 51/60 MP: 8/8
  4206 | D:6      | well fuck me
  4209 | D:6      | Shot with an arrow by a centaur

Illustrated notes ∙∙∙∙ ∙∙S∙▒▒▒▒▒▒▒ ∙∙∙∙∙∙∙∙m∙▒ ∙∙∙∙∙c∙▒▒5▒ ∙$∙ ∙∙∙▒∙g∙ ▒∙▒ ∙∙∙∙ ∙▒▒▒∙∙c▒▒g▒▒∙∙∙∙∙ ∙∙∙∙∙∙g∙∙∙∙∙∙∙∙∙∙ ∙∙∙∙∙∙∙∙∙∙∙∙∙∙∙∙∙

∙∙∙ ▒∙∙∙∙∙∙∙∙∙∙▒∙∙∙∙∙∙
∙∙∙
▒▒▒▒▒∙∙∙∙∙∙∙∙▒∙∙∙∙∙∙∙∙
∙∙∙
∙∙∙∙∙∙▒∙▒▒▒∙▒∙∙g∙∙∙∙∙▒▒
∙∙∙


Turn 4206 on D:6: well fuck me

Levels and vault maps discovered:
D:1:      lemuel_arrival_muddy, layout_loops_ring,
          hellmonk_ecumenical_altar_zigzags, kennysheep_decorative_pillar,
          nicolae_houndstooth_variations
D:2:      layout_loops_ring
D:3:      layout_basic, gammafunk_temple_overflow_statue, lemuel_crystal_altar,
          minmay_misc_feat_iff, chequers_serial_rivers_small_b
D:4:      layout_cave_pools, minmay_temple_entry_sparse_star, serial_shops,
          kennysheep_mini_moat, shop, uniq_menkaure
D:5:      layout_gridville
D:6:      layout_basic, serial_shops, shop, portal_sewer_entry_b
Temple:   minmay_freezing_vapour_temple

Skill      XL: |  1  2  3  4  5  6  7 |
---------------+----------------------+-----
Long Blades    | 4 5 7 9 |  9.2
Fighting       | 3 4 |  4.2
Armour         | 1 |  1.7
Dodging        | 5 |  5.6
Stealth        | 1 |  1.3
Throwing       | |  2.1

Action                     |  1- 3 |  4- 6 |  7- 9 || total
---------------------------+-------+-------+-------++-------
  Melee: Long sword        |    84 |   168 |    74 ||   326
         Punch             |     1 |     2 |       ||     3
   Fire: Arbalest          |       |       |     1 ||     1
Ability: Lunge             |       |     5 |    10 ||    15
    Use: Scroll            |     2 |     5 |     2 ||     9
         Potion            |       |     3 |       ||     3
   Stab: Sleeping          |     5 |     1 |     1 ||     7
 Armour: Leather armour    |    42 |   115 |    56 ||   213
         Skin              |       |    24 |       ||    24
  Dodge: Dodged            |    48 |   161 |    57 ||   266
